 Dungeon Crawl Stone Soup version 0.18.1-1-g2f07953 (webtiles) character file.

19588 AlphabetPasta the Arsonist (level 12, 0/78 HPs)
             Began as a Demonspawn Fire Elementalist on May 6, 2016.
             Was a High Priest of Vehumet.
             Slain by a minotaur
             ... wielding a +5 lightning rod (0/10)
              (29 damage)
             ... in a labyrinth on May 7, 2016.
             The game lasted 02:23:20 (19500 turns).

AlphabetPasta the Arsonist (DsFE)                  Turns: 19500, Time: 02:23:20

Health: 0/78       AC: 11    Str: 11    XL:     12   Next: 37%
Magic:  9/24       EV: 12    Int: 22    God:    Vehumet [*****.]
Gold:   765        SH:  0    Dex: 14    Spells: 7 memorised, 9 levels left

rFire  + . .     SeeInvis .     G - staff of fire
rCold  . . .     Gourm    .     a - +1 robe
rNeg   . . .     Faith    .     (no shield)
rPois  +         Spirit   .     v - +0 helmet
rElec  .         Dismiss  .     f - +1 cloak
rCorr  .         Reflect  .     o - +1 pair of gloves {Str+3}
SustAt .         Harm     .     (no boots)
MR     +....                    (no amulet)
Stlth  ++........               E - ring of protection from magic
                                l - ring of poison resistance

@: very slightly contaminated, hasted, invisible, very quick, somewhat resistant
to hostile enchantments, unstealthy
A: claws 2, molten scales 2, demonic guardian 2
a: Renounce Religion


You were in a labyrinth.
You worshipped Vehumet.
Vehumet was extremely pleased with you.
You were not hungry.

You visited 3 branches of the dungeon, and saw 16 of its levels.
You also visited: Labyrinth and Ossuary.

You collected 886 gold pieces.
You spent 121 gold pieces at shops.

Inventory:

Hand Weapons
 h - a +0 quarterstaff
Armour
 a - a +1 robe (worn)
 f - a +1 cloak (worn)
 o - a +1 pair of gloves of strength (worn)
 v - a +0 helmet (worn)
Magical Staves
 G - an uncursed staff of fire (weapon)
Jewellery
 l - a ring of poison resistance (left hand)
 n - an uncursed ring of protection from cold
 q - an uncursed ring of wizardry
 E - a ring of protection from magic (right hand)
Wands
 e - a wand of confusion (27/48)
 B - a wand of iceblast (8/15)
 I - a wand of digging (3/24)
 M - a wand of iceblast (0/15)
 O - a wand of enslavement (11/24)
 P - a wand of digging (14/24)
Scrolls
 m - 2 scrolls of fog
 p - 4 scrolls of enchant armour
 t - 6 scrolls of teleportation
 u - 5 scrolls of remove curse
 C - a scroll of identify
 J - a scroll of recharging
Potions
 d - 4 potions of flight
 i - a potion of brilliance
 k - 2 potions of cancellation
 r - 6 potions of curing
 s - 2 potions of invisibility
 x - 2 potions of haste
 A - a potion of magic
 D - a potion of berserk rage
 K - 2 potions of might
 L - 2 potions of resistance
 N - a potion of agility
Books
 b - a book of Flames

   Spells                             Type                      Level
   a - Flame Tongue                   Conjuration/Fire             1
   b - Throw Flame                    Conjuration/Fire             2
   c - Conjure Flame                  Conjuration/Fire             3
   d - Inner Flame                    Hexes/Fire                   3
   e - Sticky Flame                   Conjuration/Fire             4
   f - Fireball                       Conjuration/Fire             5
Comestibles
 c - 14 bread rations
 F - 7 beef jerkies
 H - 3 meat rations


   Skills:
 - Level 2.0 Fighting
 - Level 2.5 Staves
 - Level 3.0 Dodging
 - Level 1.7 Stealth
   Level 4.3 Shields
 + Level 8.9 Spellcasting
 + Level 9.9 Conjurations
 + Level 10.9 Fire Magic
 + Level 7.1 Ice Magic
 + Level 2.4 Evocations


You had 9 spell levels left.
You knew the following spells:

 Your Spells              Type           Power        Failure   Level  Hunger
a - Flame Tongue          Conj/Fire      #####        1%          1    None
b - Throw Flame           Conj/Fire      ######       1%          2    None
c - Conjure Flame         Conj/Fire      ######..     1%          3    None
d - Sticky Flame          Conj/Fire      ######..     1%          4    ##.....
e - Freeze                Ice            ###.         1%          1    None
f - Mephitic Cloud        Conj/Pois/Air  ###.....     1%          3    None
g - Fireball              Conj/Fire      ######....   1%          5    #####..


Dungeon Overview and Level Annotations

Branches:
Dungeon (11/15)            Temple (1/1) D:4            Lair (6/8) D:8
  Swamp (0/4) Lair:3          Orc (0/2) D:9
  Snake: Lair:3-6    Spider: Lair:3-6     Slime: Lair:6-8

Altars:
Ashenzari
Cheibriados
Dithmenos
Elyvilon
Fedhas
Gozag
Kikubaaqudgha
Makhleb
Nemelex Xobeh
Okawaru
Pakellas
Qazlal
Ru
Sif Muna
Trog
Vehumet
Xom
Yredelemnul
Zin
The Shining One
Beogh

Shops:
D:4 [   D:5 :

Annotations:
D:6 exclusion: statue


Innate Abilities, Weirdness & Mutations

You have very sharp fingernails.
You are mostly covered in molten scales (AC +3, EV -1).
A demonic guardian rushes to your aid.


Message History

Eat which item? (? for menu, Esc to quit)
Mmm...
Mushroom.
Casting: Sticky Flame
Confirm with . or Enter, or press ? or * to list all spells.
Aiming: Sticky Flame
Press: ? - help, Shift-Dir - straight line, f/p - minotaur
Aim: a minotaur, wielding a lightning rod and wearing a crude leather armour (severely wounded, hasn't noticed you)
You feel a surge of power!
The sticky flame hits the minotaur.
The minotaur appears unharmed.
The minotaur is severely wounded.
The minotaur is covered in liquid flames!
The minotaur burns!
The minotaur hits you with a lightning rod!!
* * * LOW HITPOINT WARNING * * *
The minotaur gores you.
* * * LOW HITPOINT WARNING * * *
Drink which item? (? for menu, Esc to quit)
You feel much better.
The minotaur burns!
The minotaur hits you with a lightning rod!!
You die...

##### #...# ##
#@# # # #H# ##
#.#####.# .. #.
.....#
###.#.#.###.###
............#
#..######.####
. #... ...
#.######.### #.


You could see a minotaur (burning).

Vanquished Creatures
  Sonja (Lair:2)
  2 black mambas
  7 spiny frogs
  2 rime drakes
  2 komodo dragons (Lair:1)
  The ghost of Eucla the Conjurer, a novice DECj (D:5)
  3 blink frogs (Lair:2)
  A wraith (D:11)
  A wyvern (D:11)
  14 yaks
  A hungry ghost (D:8)
  3 hippogriffs
  2 swamp worms (Lair:3)
  3 water moccasins
  6 porcupines
  8 orc warriors
  4 ice beasts
  A sky beast (D:11)
  A black bear (D:6)
  A phantom (D:5)
  An eye of draining (D:11)
  2 centaurs
  4 ogres
  6 wolves
  5 crocodiles
  3 big kobolds
  8 giant frogs
  A gnoll sergeant (D:8)
  A water moccasin skeleton (D:6)
  13 scorpions
  9 killer bees
  5 wights (D:10)
  2 howler monkeys
  An electric eel (D:10)
  3 centaur zombies
  4 crimson imps
  2 jellies
  6 centaur skeletons
  A giant frog zombie (D:5)
  4 hounds
  4 human zombies (Ossuary)
  6 orc priests
  3 giant frog skeletons
  11 iguanas
  13 orc wizards
  9 worker ants
  2 hell rats (Lair:2)
  A killer bee zombie (D:11)
  2 big kobold zombies (Ossuary)
  A hound zombie (D:5)
  2 hound skeletons
  3 mummies
  Robin (D:4)
  11 gnolls
  7 scorpion zombies (Ossuary)
  17 adders
  16 river rats
  2 shadow imps
  2 oozes (D:4)
  2 adder skeletons
  3 worms
  2 dart slugs
  2 giant geckos
  50 orcs
  2 ball pythons
  2 giant cockroaches
  4 gnoll zombies (Ossuary)
  11 goblins
  5 hobgoblins
  10 jackals
  3 quokkas
  28 bats
  8 giant newts
  A hobgoblin zombie (Ossuary)
  A jackal skeleton (D:5)
  24 kobolds
  3 kobold zombies
  3 orc zombies
  2 quokka zombies (D:5)
  25 rats
  3 fungi
452 creatures vanquished.

Vanquished Creatures (collateral kills)
  Maud (D:10)
  An unseen horror (D:11)
  A troll (D:10)
  A wyvern (D:8)
  5 yaks
  A steam dragon (D:7)
  2 orc warriors
  2 wolves (Lair:3)
  2 ogres (D:7)
  3 giant frogs
  A big kobold (D:7)
  A scorpion (D:4)
  3 orc priests (D:8)
  2 orc wizards (D:8)
  A hound zombie (D:10)
  2 river rats
  5 gnolls
  2 kobolds (D:7)
36 creatures vanquished.

Vanquished Creatures (others)
  A scorpion (Ossuary)
  A lightning spire (D:2)
  A mummy (Ossuary)
  An orc (D:5)
  A hobgoblin zombie (Ossuary)
  2 bushes (D:2)
  9 fungi
  3 plants
19 creatures vanquished.

Grand Total: 507 creatures vanquished

Notes
Turn   | Place    | Note
--------------------------------------------------------------
     0 | D:1      | AlphabetPasta the Demonspawn Fire Elementalist began the quest for the Orb.
     0 | D:1      | Reached XP level 1. HP: 13/13 MP: 3/3
   276 | D:1      | Reached skill level 3 in Fire Magic
   732 | D:1      | Gained mutation: You have sharp fingernails. [demonic ancestry]
   732 | D:1      | Reached XP level 2. HP: 19/19 MP: 3/5
   736 | D:1      | Learned a level 2 spell: Throw Flame
  1134 | D:2      | Reached XP level 3. HP: 24/24 MP: 2/6
  1174 | D:2      | Learned a level 3 spell: Conjure Flame
  1494 | D:2      | Gained mutation: You are partially covered in molten scales (AC +1). [demonic ancestry]
  1494 | D:2      | Reached XP level 4. HP: 10/30 MP: 0/7
  1895 | D:2      | Reached skill level 4 in Fire Magic
  2033 | D:2      | Found a shimmering altar of Xom.
  2033 | D:2      | Found a burning altar of Makhleb.
  2047 | D:2      | Found an oddly glowing altar of Pakellas.
  2048 | D:2      | Noticed an ice dragon
  2626 | D:3      | Reached XP level 5. HP: 35/35 MP: 3/9
  3456 | D:4      | Found Fazareb's Antique Armour Shoppe.
  3477 | D:4      | Bought a pair of embroidered gloves for 121 gold pieces
  3568 | D:4      | Gained mutation: You have very sharp fingernails. [demonic ancestry]
  3568 | D:4      | Reached XP level 6. HP: 36/41 MP: 3/10
  3787 | D:4      | Reached skill level 5 in Fire Magic
  4325 | D:4      | Found a staircase to the Ecumenical Temple.
  4334 | Temple   | Entered the Ecumenical Temple
  4569 | D:4      | Noticed Robin
  4575 | D:4      | Killed Robin
  4951 | D:5      | Entered Level 5 of the Dungeon
  4974 | D:5      | Found a shadowy altar of Dithmenos.
  5170 | D:5      | Found a glowing silver altar of Zin.
  5170 | D:5      | Found a shattered altar of Ashenzari.
  5348 | D:5      | Noticed Eucla's ghost (novice DECj)
  5363 | D:5      | Gained mutation: A weak demonic guardian rushes to your aid. [demonic ancestry]
  5363 | D:5      | Reached XP level 7. HP: 13/46 MP: 1/12
  5417 | D:5      | Found Ijawyub's Book Shop.
  5654 | D:5      | Reached skill level 6 in Fire Magic
  5660 | D:5      | Learned a level 4 spell: Sticky Flame
  6059 | D:5      | Killed Eucla's ghost
  6059 | D:5      | Gained mutation: A demonic guardian rushes to your aid. [demonic ancestry]
  6059 | D:5      | Reached XP level 8. HP: 19/52 MP: 3/14
  7146 | D:6      | Found a radiant altar of Vehumet.
  7153 | D:6      | Became a worshipper of Vehumet
  7180 | D:6      | Found a sand-covered staircase.
  7186 | Ossuary  | Entered an ossuary
  7198 | Ossuary  | Reached skill level 7 in Fire Magic
  7569 | Ossuary  | Reached skill level 5 in Conjurations
  7679 | Ossuary  | Reached skill level 5 in Spellcasting
  7881 | Ossuary  | HP: 2/52 [poisoned by a scorpion]
  7889 | Ossuary  | HP: 2/52 [poisoned by a scorpion]
  8713 | Ossuary  | Reached skill level 8 in Fire Magic
  8809 | Ossuary  | Reached * piety under Vehumet
  8809 | Ossuary  | Offered knowledge of Freeze by Vehumet.
  8812 | Ossuary  | Learned a level 1 spell: Freeze
  9243 | D:6      | Reached XP level 9. HP: 57/57 MP: 11/17
  9616 | D:6      | Reached skill level 1 in Ice Magic
  9885 | D:6      | Reached ** piety under Vehumet
  9885 | D:6      | Offered knowledge of Shock by Vehumet.
 10296 | D:7      | Found a basalt altar of Yredelemnul.
 10374 | D:7      | Offered knowledge of Ignite Poison by Vehumet.
 10465 | D:7      | Reached skill level 9 in Fire Magic
 10465 | D:7      | Reached skill level 1 in Evocations
 10634 | D:7      | Reached *** piety under Vehumet
 11311 | D:8      | Reached skill level 1 in Staves
 11370 | D:8      | Offered knowledge of Static Discharge by Vehumet.
 11398 | D:8      | Reached XP level 10. HP: 63/63 MP: 4/19
 11586 | D:8      | Reached **** piety under Vehumet
 11591 | D:8      | Found a staircase to the Lair.
 11960 | D:8      | Offered knowledge of Mephitic Cloud by Vehumet.
 12293 | D:9      | Learned a level 3 spell: Mephitic Cloud
 12446 | D:9      | Reached skill level 1 in Shields
 12699 | D:9      | Found a roughly hewn altar of Beogh.
 12699 | D:9      | Found a staircase to the Orcish Mines.
 12905 | D:9      | Found an ancient bone altar of Kikubaaqudgha.
 13136 | D:10     | Entered Level 10 of the Dungeon
 13583 | D:10     | Reached ***** piety under Vehumet
 13583 | D:10     | Offered knowledge of Force Lance by Vehumet.
 13852 | D:10     | Noticed Maud
 13882 | D:10     | Killed Maud
 13882 | D:10     | Gained mutation: You are mostly covered in molten scales (AC +3, EV -1). [demonic ancestry]
 13882 | D:10     | Reached XP level 11. HP: 19/68 MP: 14/22
 14266 | D:11     | Found a shimmering altar of Xom.
 14355 | D:11     | Learned a level 5 spell: Fireball
 14524 | D:11     | Reached skill level 10 in Fire Magic
 14627 | D:11     | Reached skill level 5 in Ice Magic
 14869 | D:11     | Noticed an unseen horror
 14870 | D:11     | Killed an unseen horror
 14990 | D:11     | Learned a level 5 spell: Fireball
 15287 | Lair:1   | Entered Level 1 of the Lair of Beasts
 16353 | Lair:1   | Identified a scroll of acquirement
 16680 | Lair:2   | Noticed Sonja
 16704 | Lair:2   | Killed Sonja
 17125 | Lair:2   | Reached XP level 12. HP: 49/74 MP: 8/24
 17822 | Lair:2   | Reached skill level 1 in Fighting
 18597 | Lair:3   | Found a staircase to the Swamp.
 18704 | Lair:3   | Offered knowledge of Lightning Bolt by Vehumet.
 18915 | Lair:3   | You fall through a shaft for 3 floors!
 18917 | Lair:6   | Found a labyrinth entrance.
 18935 | Lab      | Entered a labyrinth
 19478 | Lab      | Noticed a minotaur
 19498 | Lab      | HP: 2/78 [minotaur/lightning rod (28)]
 19500 | Lab      | Slain by a minotaur

Skill      XL: |  1  2  3  4  5  6  7  8  9 10 11 12 |
---------------+-------------------------------------+-----
Fire Magic     | 3 4 5 6 8 9 10 | 10.9
Conjurations   | 2 3 4 5 7 8 9 |  9.9
Spellcasting   | 3 4 5 6 7 8 |  8.9
Ice Magic      | 3 4 6 7 |  7.1
Evocations     | 1 2 |  2.4
Staves         | 1 2 |  2.5
Shields        | 2 4 |  4.3
Dodging        | 2 3 |  3.0
Fighting       | 2 |  2.0
Stealth        | |  1.7

Action                   |  1- 3 |  4- 6 |  7- 9 | 10-12 || total
-------------------------+-------+-------+-------+-------++-------
Melee: Unarmed           |    63 |    34 |   121 |       ||   218
       Quarterstaff      |       |       |     3 |    19 ||    22
       Staff             |       |       |       |    12 ||    12
 Cast: Flame Tongue      |    53 |   156 |   278 |   458 ||   945
       Throw Flame       |       |     6 |    23 |    50 ||    79
       Sticky Flame      |       |       |    47 |    75 ||   122
       Freeze            |       |       |     7 |    10 ||    17
       Mephitic Cloud    |       |       |       |     1 ||     1
       Fireball          |       |       |       |    31 ||    31
Evoke: Wand              |       |       |     8 |     9 ||    17
  Use: Potion            |     1 |       |     5 |     6 ||    12
       Scroll            |       |    10 |    10 |    12 ||    32
 Stab: Sleeping          |       |       |       |     1 ||     1
       Distracted        |       |       |       |     1 ||     1
  Eat: Chunk             |     2 |    11 |    10 |    22 ||    45
       Pizza             |       |     1 |       |     3 ||     4
       Fruit             |       |       |     8 |     9 ||    17
       Meat ration       |       |       |     2 |       ||     2
       Beef jerky        |       |       |     1 |     1 ||     2
Armor: Robe              |     5 |    25 |   104 |   103 ||   237
Dodge: Dodged            |    30 |    39 |   179 |   185 ||   433
